 Dungeon Crawl Stone Soup version 0.30.0-17-ge0270778cf (webtiles) character file.

Game seed: 11061706367575594867

785 ProzacElf the Gusty (level 8, -1/50 (52) HPs)
             Began as a Human Air Elementalist on May 19, 2023.
             Slain by a wight
             ... wielding a +0 short sword
              (8 damage)
             ... on level 5 of the Dungeon on May 21, 2023.
             The game lasted 00:15:46 (5815 turns).

ProzacElf the Gusty (Human Air Elementalist)        Turns: 5815, Time: 00:15:46

HP:   -1/50 (52)    AC:  3    Str: 10    XL:     8   Next: 11%
MP:   1/11          EV: 12    Int: 21    God:
Gold: 81            SH:  0    Dex: 15    Spells: 8/11 levels left

rFire   . . .        a - +2 dagger (venom)
rCold   + . .        (no shield)
rNeg    . . .        F - +0 leather armour
rPois   .            (no helmet)
rElec   .            (no cloak)
rCorr   .            (no gloves)
SInv    .            (no boots)
Will    .....        (no amulet)
Stlth   +++          k - ring of protection from cold
HPRegen 0.28/turn    w - +6 ring of intelligence
MPRegen 0.12/turn

%: no passive effects
@: lightly drained
A: no striking features
a: no special abilities


You were on level 5 of the Dungeon.
You visited 2 branches of the dungeon, and saw 6 of its levels.

You collected 202 gold pieces.
You spent 121 gold pieces at shops.

Inventory:

Hand Weapons
 a - a +2 dagger of venom (weapon)
 b - a +0 short sword of electrocution
 i - a +0 short sword
 v - a +0 lajatang
 x - a +0 long sword
Missiles
 f - 12 poisoned darts (quivered)
 s - 5 javelins
Armour
 h - a +0 robe
 o - an orb of guile
 F - a +0 leather armour (worn)
Magical Staves
 B - a staff of poison
Jewellery
 k - a ring of protection from cold (left hand)
 w - a +6 ring of intelligence (right hand)
Scrolls
 e - a scroll of poison {unknown}
 j - 5 scrolls of identify
 m - a scroll of teleportation
 p - a scroll of torment {unknown}
 q - a scroll of fog {unknown}
 r - a scroll of enchant weapon {unknown}
 y - a scroll of fear {unknown}
 H - a scroll of amnesia {unknown}
Potions
 c - 4 potions of curing
 d - a potion of flight
 g - 3 potions of degeneration {unknown}
 l - 2 potions of attraction {unknown}
 n - 2 potions of lignification
 t - a potion of mutation {unknown}
 u - 2 potions of haste {unknown}
 z - 2 potions of resistance {unknown}
 A - a potion of heal wounds
 C - 2 potions of brilliance {unknown}
 D - a potion of might
 E - a potion of magic
 G - a potion of ambrosia {unknown}


   Skills:
 + Level 3.1 Dodging
 - Level 5.0 Stealth
 - Level 2.0 Spellcasting
 - Level 5.0 Conjurations
 - Level 5.0 Air Magic
 + Level 2.1 Evocations


You had 8 spell levels left.
You knew the following spells:

 Your Spells              Type           Power      Damage    Failure   Level
a - Shock                 Conj/Air       92%        1d8       2%          1
b - Static Discharge      Conj/Air       46%        2-4/arc   3%          2

Your spell library contained the following spells:

 Spells                   Type           Power      Damage    Failure   Level
 Kiss of Death            Conj/Necr      48%        2d9       7%          1
 Swiftness                Air            23%        N/A       8%          3
 Apportation              Tloc           4%         N/A       21%         1
 Summon Small Mammal      Summ           8%         N/A       21%         1
 Airstrike                Air            11%        2d(2-18)  26%         4
 Call Canine Familiar     Summ           2%         N/A       52%         3
 Confusing Touch          Hex            2%         N/A       52%         3
 Portal Projectile        Hex/Tloc       4%         N/A       52%         3
 Summon Guardian Golem    Hex/Summ       2%         N/A       52%         3
 Tukima's Dance           Hex            2%         N/A       52%         3
 Dispel Undead            Necr           2%         3d7       89%         4
 Alistair's Intoxication  Tmut/Pois      1%         N/A       99%         5
 Blade Hands              Tmut           1%         N/A       99%         5


Dungeon Overview and Level Annotations

Branches:
Dungeon (5/15)             Temple (1/1) D:4

Altars:
Cheibriados
Elyvilon
Fedhas
Hepliaklqana
Kikubaaqudgha
Makhleb
Okawaru
Ru
Uskayaw
Vehumet
Wu Jian
Yredelemnul
Zin
The Shining One

Shops:
D:4 !


Message History

Tha howler monkey be struck by an arc o' lightnin'.
Tha howler monkey be heavily wounded.
Tha lightnin' grounds out.
* * * LOW HITPOINT WARNIN'
* * * Ye feel very sick.
A wight comes inta view.
It be wieldin' a +0 short sword.
Yer life force feels restored.
Ye haf reached level 8!
Ye feel agile.
Ye take 2 damage, an' haf 14/52 hp.
Ye now haf 1/11 mp.
Ye hit tha howler monkey.
Tha howler monkey be poison'd.
Tha howler monkey be severely wounded.
* * * LOW HITPOINT WARNIN'
* * * Ye feel very sick.
Tha howler monkey misses ye.
Ye take 4 damage, an' haf 10/52 hp.
Ye closely miss tha howler monkey.
Tha howler monkey be severely wounded.
* * * LOW HITPOINT WARNIN'
* * * Ye feel very sick.
Tha howler monkey hits ye.
* * * LOW HITPOINT WARNIN'
* * * Ye take 5 damage, an' haf 5/52 hp.
Ye feel better.
Ye kill tha howler monkey!
An ice beast comes inta view.
Yer Dodgin' skill increases ta level 3!
Yer Evocations skill increases ta level 2!
Ye regain'd 9 hp, an' now haf 14/52 hp.
Ye hit tha wight.
Tha wight be lightly damaged.
Tha wight hits ye wit' a +0 short sword!
* * * LOW HITPOINT WARNIN'
* * * Ye feel drain'd.
* * * LOW HITPOINT WARNIN'
* * * Ye take 8 damage, an' haf 6/50 hp.
Ye closely miss tha wight.
Tha wight be lightly damaged.
Tha wight hits ye wit' a +0 short sword!
Ye die...

#.######.# #.#.### #.#
#.# #......
#.######.######.#.###
#....................
########.##...#.#.###
####...####.#....#.#.###
........................
###....###.#....###.###
####@# #.#....# #.# #
#z# #.#....# #.# # #Y#
#.#.######.# # ...
#.#........# # #..
#.############
...##.........)...
.#.############### # .#
#######


You could see an ice beast and a wight.

Vanquished Creatures
  A water moccasin (D:5)
  2 ogres
  A scorpion (D:4)
  3 wights (D:5)
  A howler monkey (D:5)
  2 orc priests (D:4)
  9 adders
  A gnoll (D:1)
  A worm (D:2)
  2 dart slugs (D:2)
  8 orcs
  4 bats
  7 endoplasms
  3 giant cockroaches
  13 goblins
  10 hobgoblins
  4 jackals (D:1)
  4 quokkas
  6 ball pythons
  12 kobolds
  6 rats
100 creatures vanquished.

Vanquished Creatures (others)
  A butterfly (D:4)
1 creature vanquished.

Grand Total: 101 creatures vanquished

Notes
Turn   | Place    | Note
-------+----------+-------------------------------------------
     0 | D:1      | ProzacElf the Human Air Elementalist began the quest for
                  | the Orb.
     0 | D:1      | Reached XP level 1. HP: 13/13 MP: 3/3
   587 | D:1      | Reached XP level 2. HP: 16/19 MP: 5/5
   848 | D:1      | Reached XP level 3. HP: 15/24 MP: 0/6
  1366 | D:2      | Found a sacrificial altar of Ru.
  1465 | D:2      | Learned a level 2 spell: Static Discharge
  1844 | D:2      | Reached XP level 4. HP: 30/30 MP: 7/7
  2826 | D:3      | Reached XP level 5. HP: 35/35 MP: 8/8
  2832 | D:3      | Found a faded altar of an unknown god.
  3574 | D:4      | Upgraded the game from 0.30.0-15-g856e2d3f33 to
                  | 0.30.0-17-ge0270778cf
  3745 | D:4      | Reached XP level 6. HP: 35/41 MP: 2/9
  3819 | D:4      | Found a staircase to the Ecumenical Temple.
  3824 | Temple   | Entered the Ecumenical Temple
  4077 | D:4      | Found Dostyptixte's Distillery.
  4080 | D:4      | Bought a potion of heal wounds for 55 gold pieces
  4080 | D:4      | Bought a potion of curing for 33 gold pieces
  4080 | D:4      | Bought a potion of lignification for 33 gold pieces
  4085 | D:4      | Noticed an ogre
  4582 | D:4      | Killed an ogre
  4814 | D:4      | Reached XP level 7. HP: 41/46 MP: 3/10
  5067 | D:4      | Found a white marble altar of Elyvilon.
  5308 | D:5      | Entered Level 5 of the Dungeon
  5364 | D:5      | Noticed a water moccasin
  5369 | D:5      | Killed a water moccasin
  5370 | D:5      | Reached skill level 5 in Stealth
  5370 | D:5      | Reached skill level 5 in Air Magic
  5721 | D:5      | Reached skill level 5 in Conjurations
  5801 | D:5      | Reached skill level 1 in Evocations
  5811 | D:5      | Reached XP level 8. HP: 14/52 MP: 1/11
  5815 | D:5      | Slain by a wight

Illustrated notes

Levels and vault maps discovered:
D:1:      kennysheep_arrival_forest, layout_loops_ring, serial_co_window_serial,
          co_window_paths_a, co_window_paths_a, co_window_paths_b,
          co_window_of_opportunity_a, co_window_corner_a, co_window_corner_b,
          co_window_broadway_b, co_window_unsneaky_path_b,
          co_window_unsneaky_path_a, co_window_paths_e, co_window_4corner_b,
          glass_columns_a, glass_columns_c
D:2:      layout_loops_cross, basic_altar, grunt_decor_cap,
          kennysheep_generic_room_2
D:3:      layout_basic, hellmonk_ecumenical_altar_arch_garden
D:4:      layout_basic, nicolae_elyvilon_peaceful_grove,
          minmay_temple_entry_offerings, serial_shops, shop,
          hangedman_decor_clover_reticule, kennysheep_another_room,
          minmay_ogre_servants
D:5:      layout_basic, nicolae_gozag_seed_capital, uniq_blork_the_orc
Temple:   nicolae_temple_figure_eight

Skill      XL: |  1  2  3  4  5  6  7  8 |
---------------+-------------------------+-----
Conjurations   | 2 3 5 |  5.0
Stealth        | 3 4 5 |  5.0
Air Magic      | 4 5 |  5.0
Evocations     | 1 2 |  2.1
Dodging        | 3 |  3.1
Spellcasting   | |  2.0

Action                     |  1- 3 |  4- 6 |  7- 9 || total
---------------------------+-------+-------+-------++-------
  Melee: Short sword       |     1 |       |       ||     1
         Dagger            |    48 |   136 |    33 ||   217
  Throw: Dart              |       |     2 |       ||     2
   Cast: Shock             |    19 |     9 |    10 ||    38
         Static Discharge  |       |     6 |     7 ||    13
    Use: Potion            |       |     3 |     1 ||     4
         Scroll            |       |     3 |       ||     3
   Stab: Sleeping          |     7 |     9 |     2 ||    18
         Distracted        |       |     1 |       ||     1
 Armour: Robe              |    13 |    20 |     3 ||    36
  Dodge: Dodged            |    42 |    91 |    18 ||   151

Action                     |  1- 3 |  4- 6 |  7- 9 || total
---------------------------+-------+-------+-------++-------
  Melee: Short sword       |     1 |       |       ||     1
         Dagger            |    48 |   136 |    33 ||   217
  Throw: Dart              |       |     2 |       ||     2
   Cast: Shock             |    19 |     9 |    10 ||    38
         Static Discharge  |       |     6 |     7 ||    13
    Use: Potion            |       |     3 |     1 ||     4
         Scroll            |       |     3 |       ||     3
   Stab: Sleeping          |     7 |     9 |     2 ||    18
         Distracted        |       |     1 |       ||     1
 Armour: Robe              |    13 |    20 |     3 ||    36
  Dodge: Dodged            |    42 |    91 |    18 ||   151

Levels and vault maps discovered:
D:1:      kennysheep_arrival_forest, layout_loops_ring, serial_co_window_serial,
          co_window_paths_a, co_window_paths_a, co_window_paths_b,
          co_window_of_opportunity_a, co_window_corner_a, co_window_corner_b,
          co_window_broadway_b, co_window_unsneaky_path_b,
          co_window_unsneaky_path_a, co_window_paths_e, co_window_4corner_b,
          glass_columns_a, glass_columns_c
D:2:      layout_loops_cross, basic_altar, grunt_decor_cap,
          kennysheep_generic_room_2
D:3:      layout_basic, hellmonk_ecumenical_altar_arch_garden
D:4:      layout_basic, nicolae_elyvilon_peaceful_grove,
          minmay_temple_entry_offerings, serial_shops, shop,
          hangedman_decor_clover_reticule, kennysheep_another_room,
          minmay_ogre_servants
D:5:      layout_basic, nicolae_gozag_seed_capital, uniq_blork_the_orc
Temple:   nicolae_temple_figure_eight
